 Dungeon Crawl Stone Soup version 0.30.1-11-g7821555f0a (webtiles) character file.

Game seed: 9680168783109217553

80 KittyFluff the Trooper (level 4, -1/42 HPs)
             Began as a Gargoyle Berserker on Nov 10, 2023.
             Was a Believer of Trog.
             Slain by a kobold brigand
             ... wielding a +0 short sword
              (5 damage)
             ... in a sewer.
             The game lasted 00:06:10 (1738 turns).

KittyFluff the Trooper (Gargoyle Berserker)         Turns: 1738, Time: 00:06:11

Health: -1/42      AC:  8    Str: 23    XL:     4   Next: 39%
Magic:  4/4        EV: 12    Int:  7    God:    Trog [**....]
Gold:   96         SH:  0    Dex:  9    Spells: 3/3 levels left

rFire   . . .        a - +0 mace
rCold   . . .        (no shield)
rNeg    + + .        k - +1 robe {rN+}
rPois   ∞            (no helmet)
rElec   +            (no cloak)
rCorr   .            b - +0 pair of gloves
SInv    .            (no boots)
Will    .....        (no amulet) Stlth
                     (no ring)
HPRegen 0.27/turn    (no ring)
MPRegen 0.09/turn

%: no passive effects
@: berserking, very quick
A: sickness immunity, AC +3, negative energy resistance 1, electricity
resistance, torment resistance 1, petrification resistance
a: Renounce Religion, Berserk, Trog's Hand


You were in a sewer.
You worshipped Trog.
Trog was pleased with you.
You visited 1 branch of the dungeon, and saw 3 of its levels.
You also visited: Sewer.

You collected 96 gold pieces.

Inventory:

Hand Weapons
 a - a +0 mace (weapon)
Missiles
 l - 2 poisoned darts (quivered)
 m - 4 datura-tipped darts
Armour
 b - a +0 pair of gloves (worn)
 d - a +0 leather armour
 k - a +1 robe of positive energy (worn)
Wands
 i - a wand of iceblast (14)
Scrolls
 c - 2 scrolls of identify {unknown}
 e - a scroll of amnesia {unknown}
 f - 2 scrolls of teleportation
 n - a scroll of torment {unknown}
 p - a scroll of noise {unknown}
 q - a scroll of fear {unknown}
 r - a scroll of immolation {unknown}
Potions
 g - 2 potions of curing {unknown}
 h - 2 potions of might {unknown}
 j - a potion of heal wounds {unknown}
 o - a potion of resistance {unknown}


   Skills:
 + Level 3.6 Fighting
 * Level 3.6 Maces & Flails
 * Level 3.3 Armour
 + Level 2.0 Dodging
 + Level 1.3 Stealth


You had 3 spell levels left.
You didn't know any spells.
Your spell library was empty.

Dungeon Overview and Level Annotations

Branches:
Dungeon (3/15)              Sewer (1/1)

Altars:
Vehumet


Innate Abilities, Weirdness & Mutations

You are immune to sickness and miasma.
Your stone body is resilient. (AC +3)
You are immune to poison.
You resist negative energy. (rN+)
You are resistant to electric shocks. (rElec)
You are resistant to unholy torment.
You are immune to petrification.


Message History

The kobold hits you with a +0 club.
You hit the kobold brigand but do no damage.
The kobold brigand is heavily wounded.
The kobold brigand hits you but does no damage.
The kobold barely misses you.
You closely miss the kobold brigand.
The kobold brigand is heavily wounded.
The kobold brigand closely misses you. The kobold hits you but does no damage.
You closely miss the kobold brigand.
The kobold brigand is heavily wounded.
The kobold brigand hits you but does no damage.
The kobold hits you with a +0 club.
A red film seems to cover your vision as you go berserk!
You feel yourself moving faster!
You feel mighty! The kobold misses you. The kobold brigand misses you.
You hit the kobold brigand.
The kobold brigand is heavily wounded.
The kobold hits you with a +0 club.
The kobold brigand hits you with a +0 short sword.
* * * LOW HITPOINT WARNING * * *
You sock the kobold brigand!
The kobold brigand is severely wounded.
The kobold barely misses you.
The kobold brigand hits you but does no damage.
You barely miss the kobold brigand.
The kobold brigand is severely wounded.
The kobold brigand hits you but does no damage.
The kobold hits you but does no damage.
You barely miss the kobold brigand.
The kobold brigand is severely wounded.
The kobold brigand misses you. The kobold barely misses you.
You closely miss the kobold brigand.
The kobold brigand is severely wounded.
The kobold brigand hits you with a +0 short sword.
* * * LOW HITPOINT WARNING * * *
The kobold closely misses you.
You barely miss the kobold brigand.
The kobold brigand is severely wounded.
The kobold brigand hits you with a +0 short sword.
You die...

### ###
[.#.. .....
##...## ≈≈
..... ≈≈≈
... ≈≈≈≈
##K###≈≈≈≈
##.@K~≈≈≈≈≈
#....~≈≈≈≈≈
#....≈≈≈≈≈≈
##....~≈≈≈≈≈
#.....~≈≈≈≈≈
#.....≈~≈≈≈≈
#......~≈≈≈≈
##.....~≈≈≈~
#.....~≈≈≈~


You could see a kobold brigand and a kobold.

Vanquished Creatures
  An adder (D:2)
  3 river rats (Sewer)
  3 worms
  A dart slug (D:2)
  2 ball pythons
  2 bats
  2 endoplasms (D:1)
  3 goblins (D:1)
  2 hobgoblins
  3 quokkas (D:1)
  A frilled lizard (D:1)
  6 kobolds
  9 rats
38 creatures vanquished.

Notes
Turn   | Place    | Note
-------+----------+-------------------------------------------
     0 | D:1      | KittyFluff the Gargoyle Berserker began the quest for the
                  | Orb.
     0 | D:1      | Reached XP level 1. HP: 14/14 MP: 1/1
   240 | D:1      | Reached XP level 2. HP: 14/19 MP: 2/2
   818 | D:2      | Reached XP level 3. HP: 20/23 MP: 3/3
  1169 | D:2      | Found a faded altar of an unknown god.
  1214 | D:2      | Reached skill level 1 in Stealth
  1480 | D:3      | Found a radiant altar of Vehumet.
  1498 | D:3      | Found a glowing drain.
  1514 | Sewer    | Entered a sewer
  1541 | Sewer    | Reached ** piety under Trog
  1556 | Sewer    | Reached XP level 4. HP: 24/28 MP: 4/4
  1718 | Sewer    | Noticed a kobold brigand
  1738 | Sewer    | Slain by a kobold brigand

Illustrated notes

Levels and vault maps discovered:
D:1:      psy_arrival_basics, layout_rooms
D:2:      layout_basic, hellmonk_ecumenical_altar_inner_sanctum
D:3:      layout_loops_ring, grunt_temple_overflow_open,
          mainiacjoe_overflow_concentric_impassable,
          cheibrodos_sewer_entry_bend, corexii_item_surrounded_by_moat,
          nrook_mini_vaults
Sewer:    sewer_minmay_treatment

Skill      XL: |  1  2  3  4 |
---------------+-------------+-----
Armour         | 3 |  3.3
Stealth        | 1 |  1.3
Dodging        | 2 |  2.0
Fighting       | |  3.6
Maces & Flails | |  3.6

Action                     |  1- 3 |  4- 6 || total
---------------------------+-------+-------++-------
  Melee: Mace              |    94 |    51 ||   145
         Punch             |     1 |       ||     1
 Invoke: Berserk           |       |     1 ||     1
    Use: Scroll            |     1 |       ||     1
 Armour: Leather armour    |    11 |       ||    11
         Robe              |    13 |    45 ||    58
  Dodge: Dodged            |    58 |    65 ||   123
